| TOP OF THE 1ST |
|
Iowa Oaks batting - Pitching for Indianapolis Indians : RHP Frank Pastore
|
|
Pitching: RHP Frank Pastore
|
|
|
Batting: LHB Gary Jones
|
0-0: Ball 1-0: Ball 2-0: Called Strike 2-1: Ball 3-1: Base on Balls
|
|
Batting: RHB Edgar Flores
|
0-0: Grounds into double play, 5-4-3 (Groundball, 56S, EV 84.4 MPH)
|
|
Batting: LHB Ronald Little
|
0-0: Ball 1-0: Swinging Strike 1-1: Ball 2-1: Ball 3-1: Base on Balls
|
|
Batting: SHB Mike Turgeon
|
0-0: Ball 1-0: Called Strike Ronald Little steals 2nd, throwing error, E2 Ronald Little to third 1-1: Swinging Strike 1-2: Ball 2-2: Fly out, F5 (Popup, 5SF, EV 73.8 MPH)
|
| Top of the 1st over - 0 runs, 0 hits, 1 error, 1 left on base; Iowa 0 - Indianapolis 0 |
| BOTTOM OF THE 1ST |
|
Indianapolis Indians batting - Pitching for Iowa Oaks : LHP Matt Young
|
|
Pitching: LHP Matt Young
|
|
|
Batting: LHB Kevin Schoendienst
|
0-0: Ball 1-0: Ball 2-0: Called Strike 2-1: Ball 3-1: Ground out U3 (Groundball, 3, EV 90.0 MPH)
|
|
Batting: SHB Julio Estrada
|
0-0: Foul Ball, location: 2F 0-1: Ball 1-1: Ball 2-1: Swinging Strike 2-2: Foul Ball, location: 2F 2-2: DOUBLE (Line Drive, 3D, EV 105.0 MPH)
|
|
Batting: RHB Luis Gonzalez
|
0-0: Ball 1-0: Ground out 5-3 (Groundball, 56S, EV 84.4 MPH)
|
|
Batting: RHB Pat Rooney
|
0-0: Called Strike 0-1: Called Strike 0-2: Foul Ball, location: 2F 0-2: Strikes out swinging
|
| Bottom of the 1st over - 0 runs, 1 hit, 0 errors, 1 left on base; Iowa 0 - Indianapolis 0 |
| TOP OF THE 2ND |
|
Iowa Oaks batting - Pitching for Indianapolis Indians : RHP Frank Pastore
|
|
Batting: RHB Dave F Schmidt
|
0-0: SINGLE (Line Drive, 89S, EV 101.3 MPH)
|
|
Batting: RHB Mark Benson
|
0-0: Called Strike 0-1: Swinging Strike 0-2: Strikes out swinging
|
|
Batting: LHB Donald Johnson
|
0-0: Ball 1-0: Fly out, F8 (Line Drive, 8LM, EV 89.4 MPH)
|
|
Pitching: LHP Ricky Horton
|
|
|
Batting: RHB Jordan Arredondo
|
0-0: Called Strike 0-1: Ball 1-1: Fly out, F5 (Popup, 56, EV 81.9 MPH)
|
| Top of the 2nd over - 0 runs, 1 hit, 0 errors, 1 left on base; Iowa 0 - Indianapolis 0 |
| BOTTOM OF THE 2ND |
|
Indianapolis Indians batting - Pitching for Iowa Oaks : LHP Matt Young
|
|
Batting: LHB Roberto Ruiz
|
0-0: Ball 1-0: Ground out 6-3 (Groundball, 56D, EV 83.8 MPH)
|
|
Batting: RHB Tracy Cowger
|
0-0: Ball 1-0: Foul Ball, location: 2F 1-1: Ball 2-1: Called Strike 2-2: Ground out 6-3 (Groundball, 56, EV 96.3 MPH)
|
|
Batting: RHB Robert Bonnette
|
0-0: Ball 1-0: Foul Ball, location: 2F 1-1: Foul Ball, location: 2F 1-2: DOUBLE (Line Drive, 89D, EV 111.9 MPH)
|
|
Batting: RHB Bill Lindsey
|
0-0: Ball 1-0: Ball 2-0: Foul Ball, location: 2F 2-1: Swinging Strike 2-2: SINGLE (Groundball, 56D, EV 103.8 MPH) Robert Bonnette to third Runner from 3rd tries for Home, SAFE, throw by LF to home Bill Lindsey to second
|
|
Batting: RHB Steven Campbell
|
0-0: Fly out, F9 (Flyball, 9LS, EV 69.4 MPH)
|
| Bottom of the 2nd over - 1 run, 2 hits, 0 errors, 1 left on base; Iowa 0 - Indianapolis 1 |
| TOP OF THE 3RD |
|
Iowa Oaks batting - Pitching for Indianapolis Indians : LHP Ricky Horton
|
|
Batting: LHB Wayne Krenchicki
|
0-0: Called Strike 0-1: Ball 1-1: SINGLE (Groundball, 34D, EV 101.3 MPH)
|
|
Batting: LHB Gary Jones
|
0-0: Called Strike 0-1: Called Strike Wayne Krenchicki steals 2nd base 0-2: Strikes out looking
|
|
Batting: RHB Edgar Flores
|
0-0: Called Strike 0-1: Ball 1-1: Foul Ball, location: 2F 1-2: Strikes out swinging
|
|
Batting: LHB Ronald Little
|
0-0: Ball 1-0: Called Strike 1-1: Ball 2-1: Fly out, F8 (Flyball, 89M, EV 81.9 MPH)
|
| Top of the 3rd over - 0 runs, 1 hit, 0 errors, 1 left on base; Iowa 0 - Indianapolis 1 |
| BOTTOM OF THE 3RD |
|
Indianapolis Indians batting - Pitching for Iowa Oaks : LHP Matt Young
|
|
Batting: LHB Kevin Schoendienst
|
0-0: Called Strike 0-1: Ball 1-1: Ball 2-1: Fly out, F8 (Flyball, 8LD, EV 83.1 MPH)
|
|
Batting: SHB Julio Estrada
|
0-0: Called Strike 0-1: Ball 1-1: Swinging Strike 1-2: Ball 2-2: SINGLE (Groundball, 4M, EV 81.9 MPH) (infield hit)
|
|
Batting: RHB Luis Gonzalez
|
0-0: Ball 1-0: Fly out, F9 (Line Drive, 9S, EV 90.0 MPH)
|
|
Batting: RHB Pat Rooney
|
0-0: Called Strike Julio Estrada steals 2nd base 0-1: Ball 1-1: Foul Ball, location: 2F 1-2: Ball 2-2: Fly out, F8 (Flyball, 8RS, EV 91.9 MPH)
|
| Bottom of the 3rd over - 0 runs, 1 hit, 0 errors, 1 left on base; Iowa 0 - Indianapolis 1 |
| TOP OF THE 4TH |
|
Iowa Oaks batting - Pitching for Indianapolis Indians : LHP Ricky Horton
|
|
Batting: SHB Mike Turgeon
|
0-0: Called Strike 0-1: Ball 1-1: Swinging Strike 1-2: Foul Ball, location: 2F 1-2: SINGLE (Groundball, 4MD, EV 94.4 MPH)
|
|
Batting: RHB Dave F Schmidt
|
0-0: Ball 1-0: Ball 2-0: Called Strike 2-1: Foul Ball, location: 2F 2-2: Strikes out looking
|
|
Batting: RHB Mark Benson
|
0-0: Called Strike 0-1: Ball 1-1: Foul Ball, location: 2F 1-2: Ball 2-2: Foul Ball, location: 2F 2-2: Foul Ball, location: 2F 2-2: Ball 3-2: 2-RUN HOME RUN (Flyball, 7LD, EV 93.1 MPH), Distance : 363 ft
|
|
Batting: LHB Donald Johnson
|
0-0: Called Strike 0-1: Ball 1-1: Foul Ball, location: 2F 1-2: Ball 2-2: Ball 3-2: Base on Balls
|
|
Batting: RHB Jordan Arredondo
|
0-0: Ball 1-0: Foul Ball, location: 2F 1-1: Foul Ball, location: 2F 1-2: Ball 2-2: Ball 3-2: Fly out, F6 (Line Drive, 6, EV 71.9 MPH)
|
|
Batting: LHB Wayne Krenchicki
|
0-0: Ball Donald Johnson is caught stealing 2nd base 2-6
|
| Top of the 4th over - 2 runs, 2 hits, 0 errors, 0 left on base; Iowa 2 - Indianapolis 1 |
| BOTTOM OF THE 4TH |
|
Indianapolis Indians batting - Pitching for Iowa Oaks : LHP Matt Young
|
|
Batting: LHB Roberto Ruiz
|
0-0: Ground out 4-3 (Groundball, 34D, EV 103.1 MPH)
|
|
Batting: RHB Tracy Cowger
|
0-0: Fly out, F6 (Line Drive, 6, EV 68.8 MPH)
|
|
Batting: RHB Robert Bonnette
|
0-0: Called Strike 0-1: DOUBLE (Flyball, 89XD, EV 99.4 MPH)
|
|
Batting: RHB Bill Lindsey
|
0-0: Ball 1-0: Ball 2-0: Ground out U3 (Groundball, 3S, EV 66.3 MPH)
|
| Bottom of the 4th over - 0 runs, 1 hit, 0 errors, 1 left on base; Iowa 2 - Indianapolis 1 |
| TOP OF THE 5TH |
|
Iowa Oaks batting - Pitching for Indianapolis Indians : LHP Ricky Horton
|
|
Batting: LHB Wayne Krenchicki
|
0-0: Called Strike 0-1: Called Strike 0-2: Ball 1-2: Strikes out swinging
|
|
Batting: LHB Gary Jones
|
0-0: Ball 1-0: Ball 2-0: Ball 3-0: Base on Balls
|
|
Batting: RHB Edgar Flores
|
0-0: Ball Gary Jones is caught stealing 2nd base 2-4 1-0: Foul Ball, location: 2F 1-1: Ground out 2-3 (Groundball, 15S, EV 63.1 MPH)
|
| Top of the 5th over - 0 runs, 0 hits, 0 errors, 0 left on base; Iowa 2 - Indianapolis 1 |
| BOTTOM OF THE 5TH |
|
Indianapolis Indians batting - Pitching for Iowa Oaks : LHP Matt Young
|
|
Batting: RHB Steven Campbell
|
0-0: Called Strike 0-1: SINGLE (Popup, 3D, EV 65.0 MPH)
|
|
Batting: LHB Kevin Schoendienst
|
0-0: Ball 1-0: Bunted foul 1-1: Ball 2-1: Bunt missed! 2-2: Ball 3-2: Foul Ball, location: 2F 3-2: SINGLE (Groundball, 6S, EV 63.1 MPH) (infield hit) Steven Campbell to second
|
|
Batting: SHB Julio Estrada
|
0-0: Sac Bunt to 13S - play at first, batter OUT! 1-3 Steven Campbell to third Kevin Schoendienst to second
|
|
Batting: RHB Luis Gonzalez
|
0-0: Ground out 6-3 (Groundball, 6, EV 89.4 MPH) Steven Campbell scores Kevin Schoendienst to third
|
|
Batting: RHB Pat Rooney
|
0-0: Ball 1-0: Fly out, F8 (Flyball, 8RS, EV 93.1 MPH)
|
| Bottom of the 5th over - 1 run, 2 hits, 0 errors, 1 left on base; Iowa 2 - Indianapolis 2 |
| TOP OF THE 6TH |
|
Iowa Oaks batting - Pitching for Indianapolis Indians : LHP Ricky Horton
|
|
Batting: LHB Ronald Little
|
0-0: Ground out 6-3 (Groundball, 6, EV 84.4 MPH)
|
|
Batting: SHB Mike Turgeon
|
0-0: SOLO HOME RUN (Flyball, 9D, EV 93.1 MPH), Distance : 363 ft
|
|
Pitching: RHP Tom Layton
|
|
|
Batting: RHB Dave F Schmidt
|
0-0: Ball 1-0: Ball 2-0: Ball 3-0: Called Strike 3-1: Called Strike 3-2: Foul Ball, location: 2F 3-2: Base on Balls
|
|
Batting: RHB Mark Benson
|
0-0: Ball 1-0: Called Strike 1-1: Ball 2-1: SINGLE (Line Drive, 9S, EV 89.4 MPH) Dave F Schmidt to second Runner from 2nd tries for 3rd, SAFE, throw by RF made to third
|
|
Pinch Runner at 3rd Mike Richardt:
|
|
|
Batting: LHB Donald Johnson
|
0-0: Ball 1-0: Swinging Strike 1-1: Foul Ball, location: 2F 1-2: Foul Ball, location: 2F 1-2: Ball 2-2: Ball 3-2: Fly out, F7 (Flyball, 7, EV 95.6 MPH) Runner from 3rd tags up, OUT at HOME! 7-2
|
| Top of the 6th over - 1 run, 2 hits, 0 errors, 1 left on base; Iowa 3 - Indianapolis 2 |
| BOTTOM OF THE 6TH |
|
Indianapolis Indians batting - Pitching for Iowa Oaks : LHP Matt Young
|
|
Now at C: Thomas Vessey
|
|
|
Batting: LHB Roberto Ruiz
|
0-0: Ball 1-0: Ball 2-0: Called Strike 2-1: Swinging Strike 2-2: Ball 3-2: Foul Ball, location: 2F 3-2: Base on Balls
|
|
Batting: RHB Tracy Cowger
|
0-0: Called Strike 0-1: Ball 1-1: Swinging Strike Roberto Ruiz is caught stealing 2nd base 2-4 1-2: Ball 2-2: Ball 3-2: Base on Balls
|
|
Batting: RHB Robert Bonnette
|
0-0: Ball 1-0: Swinging Strike 1-1: Foul Ball, location: 2F 1-2: Foul Ball, location: 2F 1-2: Ball 2-2: Ball 3-2: Base on Balls Tracy Cowger to second
|
|
Batting: RHB Bill Lindsey
|
0-0: Ball 1-0: Fly out, F7 (Flyball, 7LS, EV 90.6 MPH)
|
|
Batting: RHB Steven Campbell
|
0-0: Ball 1-0: Called Strike 1-1: Fly out, F8 (Flyball, 8RD, EV 98.1 MPH)
|
| Bottom of the 6th over - 0 runs, 0 hits, 0 errors, 2 left on base; Iowa 3 - Indianapolis 2 |
| TOP OF THE 7TH |
|
Iowa Oaks batting - Pitching for Indianapolis Indians : RHP Tom Layton
|
|
Batting: RHB Jordan Arredondo
|
0-0: Foul Ball, location: 2F 0-1: Ball 1-1: Called Strike 1-2: Fly out, F8 (Flyball, 78D, EV 110.6 MPH)
|
|
Batting: LHB Wayne Krenchicki
|
0-0: Ball 1-0: Ground out 2-3 (Groundball, 2R, EV 68.8 MPH)
|
|
Batting: LHB Gary Jones
|
0-0: Ball 1-0: Called Strike 1-1: Ball 2-1: Swinging Strike 2-2: Ball 3-2: Base on Balls
|
|
Batting: RHB Edgar Flores
|
0-0: Ball 1-0: Ball Gary Jones is caught stealing 2nd base 2-4
|
| Top of the 7th over - 0 runs, 0 hits, 0 errors, 0 left on base; Iowa 3 - Indianapolis 2 |
| BOTTOM OF THE 7TH |
|
Indianapolis Indians batting - Pitching for Iowa Oaks : LHP Matt Young
|
|
Batting: LHB Kevin Schoendienst
|
0-0: Foul Ball, location: 2F 0-1: SINGLE (Groundball, 34D, EV 103.1 MPH) (infield hit)
|
|
Batting: SHB Julio Estrada
|
0-0: Bunt missed! 0-1: Called Strike Kevin Schoendienst steals 2nd base 0-2: Foul Ball, location: 2F 0-2: Ball 1-2: Fly out, F8 (Flyball, 8RD, EV 107.5 MPH) Runner from 2nd tags up, SAFE at 3rd, no throw by CF
|
|
Batting: RHB Luis Gonzalez
|
0-0: Ball 1-0: Ball 2-0: Called Strike 2-1: Ball 3-1: Swinging Strike 3-2: Base on Balls
|
|
Batting: RHB Pat Rooney
|
0-0: Grounds into double play, 4-6-3 (Groundball, 4, EV 91.3 MPH)
|
| Bottom of the 7th over - 0 runs, 1 hit, 0 errors, 1 left on base; Iowa 3 - Indianapolis 2 |
| TOP OF THE 8TH |
|
Iowa Oaks batting - Pitching for Indianapolis Indians : RHP Tom Layton
|
|
Batting: RHB Edgar Flores
|
0-0: Called Strike 0-1: Called Strike 0-2: Ball 1-2: Ball 2-2: Ball 3-2: DOUBLE (Line Drive, 78M, EV 106.9 MPH)
|
|
Batting: LHB Ronald Little
|
0-0: Intentional Walk
|
|
Batting: SHB Mike Turgeon
|
0-0: Foul Ball, location: 2F 0-1: Foul Ball, location: 2F 0-2: Strikes out swinging
|
|
Batting: RHB Thomas Vessey
|
0-0: Ball Edgar Flores steals 3rd base 1-0: Called Strike 1-1: Called Strike 1-2: Ball 2-2: Ball 3-2: Fly out, F6 (Flyball, 6D, EV 88.1 MPH)
|
|
Batting: RHB Mark Benson
|
0-0: Ball 1-0: Called Strike 1-1: Foul Ball, location: 2F 1-2: Ball 2-2: Ball Pickoff Throw to First - Error! E1 Edgar Flores scores Ronald Little to second 3-2: Foul Ball, location: 2F 3-2: Foul Ball, location: 2F 3-2: Foul Ball, location: 2F 3-2: Foul Ball, location: 2F 3-2: Fly out, F1 (Line Drive, P, EV 63.8 MPH)
|
| Top of the 8th over - 1 run, 1 hit, 1 error, 1 left on base; Iowa 4 - Indianapolis 2 |
| BOTTOM OF THE 8TH |
|
Indianapolis Indians batting - Pitching for Iowa Oaks : LHP Matt Young
|
|
Batting: LHB Roberto Ruiz
|
0-0: Ground out 6-3 (Groundball, 6, EV 86.3 MPH)
|
|
Batting: RHB Tracy Cowger
|
0-0: Called Strike 0-1: Ball 1-1: Called Strike 1-2: Fly out, F9 (Flyball, 9LM, EV 98.8 MPH)
|
|
Batting: RHB Robert Bonnette
|
0-0: Foul Ball, location: 2F 0-1: Ball 1-1: Ball 2-1: Foul Ball, location: 2F 2-2: Foul Ball, location: 2F 2-2: Foul Ball, location: 2F 2-2: Ball 3-2: DOUBLE (Line Drive, 89D, EV 110.0 MPH)
|
|
Batting: RHB Bill Lindsey
|
0-0: Called Strike 0-1: Ball 1-1: Foul Ball, location: 2F 1-2: Ball 2-2: Foul Ball, location: 2F 2-2: Foul Ball, location: 2F 2-2: Ground out 6-3 (Groundball, 6, EV 81.3 MPH)
|
| Bottom of the 8th over - 0 runs, 1 hit, 0 errors, 1 left on base; Iowa 4 - Indianapolis 2 |
| TOP OF THE 9TH |
|
Iowa Oaks batting - Pitching for Indianapolis Indians : RHP Tom Layton
|
|
Batting: LHB Donald Johnson
|
0-0: Called Strike 0-1: Ball 1-1: DOUBLE (Flyball, 89XD, EV 95.6 MPH)
|
|
Pitching: RHP Michael Culbert
|
|
|
Batting: RHB Jordan Arredondo
|
0-0: Foul Ball, location: 2F 0-1: Foul Ball, location: 2F 0-2: SINGLE (Flyball, 8LS, EV 90.6 MPH) Donald Johnson to third Runner from 3rd tries for Home, SAFE, throw by CF to home Jordan Arredondo to second
|
|
Batting: LHB Wayne Krenchicki
|
0-0: Called Strike 0-1: Ball 1-1: Fly out, F4 (Flyball, 4D, EV 77.5 MPH)
|
|
Batting: LHB Gary Jones
|
0-0: Intentional Walk
|
|
Batting: RHB Edgar Flores
|
0-0: Fly out, F5 (Line Drive, 5, EV 70.0 MPH)
|
|
Batting: LHB Ronald Little
|
0-0: Ball 1-0: Called Strike 1-1: Fielders Choice at 2nd, 5-4 (Groundball, 56, EV 108.1 MPH)
|
| Top of the 9th over - 1 run, 2 hits, 0 errors, 2 left on base; Iowa 5 - Indianapolis 2 |
| BOTTOM OF THE 9TH |
|
Indianapolis Indians batting - Pitching for Iowa Oaks : LHP Matt Young
|
|
Pitching: RHP DeWayne Buice
|
|
|
Batting: RHB Steven Campbell
|
0-0: Called Strike 0-1: Swinging Strike 0-2: Strikes out looking
|
|
Batting: LHB Kevin Schoendienst
|
0-0: Called Strike 0-1: Ball 1-1: Ball 2-1: Ball 3-1: Base on Balls
|
|
Batting: SHB Julio Estrada
|
0-0: Ball 1-0: Ball 2-0: Ball 3-0: Called Strike 3-1: Grounds into double play, 5-4-3 (Groundball, 5L, EV 106.9 MPH)
|
| Bottom of the 9th over - 0 runs, 0 hits, 0 errors, 0 left on base; Iowa 5 - Indianapolis 2 |
|